 Seeded DCSS version 0.30-a0-862-g1aabd4f9c5 (webtiles) character file.

Game seed: 6377672650045367187 (custom seed)

16405 bmack86 the Cleaver (level 12, -1/106 HPs)
             Began as a Minotaur Fighter on Mar 8, 2023.
             Was a High Priest of Okawaru.
             Slain by a blink frog (7 damage)
             ... on level 1 of the Lair of Beasts.
             The game lasted 00:28:29 (8574 turns).

bmack86 the Cleaver (Minotaur Fighter)              Turns: 8574, Time: 00:28:31

Health: -1/106     AC: 25    Str: 24    XL:     12   Next: 9%
Magic:  25/25      EV:  8    Int: 10    God:    Okawaru [*****.]
Gold:   819        SH:  7    Dex: 15    Spells: 11/11 levels left

rFire   . . .      SeeInvis .    a - +0 war axe
rCold   + . .      Faith    .    c - +0 buckler
rNeg    . . .      Spirit   .    h - +0 shadow dragon scales
rPois   .          Reflect  .    J - +3 hat of Pondering {ponderous, Will+ MP+10 Int+5}
rElec   .          Rampage  .    (no cloak)
rCorr   .                        L - +0 pair of gloves
Will    ++++.                    D - +0 pair of boots
Stlth   +                        d - amulet of the Ancients {rC+ Will++ Regen+ Dex+3 Stlth-}
HPRegen 1.17/turn                r - +4 ring of protection
MPRegen 0.19/turn                I - ring of willpower

@: slow
A: horns 2, retaliatory headbutt
a: Renounce Religion, Heroism, Finesse, Duel


You were on level 1 of the Lair of Beasts.
You worshipped Okawaru.
Okawaru was extremely pleased with you.
You visited 3 branches of the dungeon, and saw 13 of its levels.

You collected 819 gold pieces.

Inventory:

Hand Weapons
 a - a +0 war axe (weapon)
 O - a +2 hand axe of flaming
Missiles
 l - 36 poisoned darts
 u - 7 throwing nets
 N - 5 boomerangs (quivered)
 T - 2 silver boomerangs
Armour
 c - a +0 buckler (worn)
 h - +0 shadow dragon scales (worn)
 D - a +0 pair of boots (worn)
 J - the +3 hat of Pondering (worn) {ponderous, Will+ MP+10 Int+5}
   (You took it off Gastronok on level 11 of the Dungeon)

   Int:       It affects your intelligence (+5).
   MP:        It affects your magic capacity (+10).
   Will:      It increases your willpower.
 L - a +0 pair of gloves (worn)
Jewellery
 d - the amulet of the Ancients (around neck) {rC+ Will++ Regen+ Dex+3 Stlth-}
   (You found it on level 6 of the Dungeon)

   [amulet of regeneration]

   Dex:       It affects your dexterity (+3).
   rC:        It protects you from cold.
   Regen:     It increases your rate of health regeneration.
   Will:      It greatly increases your willpower.
   Stlth:     It makes you less stealthy.
 g - the amulet of Ykhlana {Fly Regen+ Str+3}
   (You acquired it on level 1 of the Dungeon)

   [amulet of regeneration]

   Str:       It affects your strength (+3).
   Fly:       It grants you flight.
   Regen:     It increases your rate of health regeneration.
 r - a +4 ring of protection (left hand)
 B - a +6 ring of strength
 I - a ring of willpower (right hand)
 K - a +6 ring of strength
Wands
 b - a wand of iceblast (3)
 p - a wand of paralysis (33)
 s - a wand of mindburst (9)
 t - a wand of polymorph (4)
 v - a wand of light (5)
 M - a wand of digging (10)
 P - a wand of flame (19)
Scrolls
 e - a scroll of silence {unknown}
 j - 8 scrolls of teleportation {unknown}
 m - 2 scrolls of identify
 n - a scroll of poison {unknown}
 q - 2 scrolls of fog {unknown}
 x - a scroll of torment {unknown}
 y - a scroll of blinking {unknown}
 z - 4 scrolls of amnesia {unknown}
 C - 2 scrolls of enchant armour {unknown}
 E - 3 scrolls of noise {unknown}
 F - 2 scrolls of enchant weapon {unknown}
 R - a scroll of fear {unknown}
 S - a scroll of vulnerability {unknown}
Potions
 f - 6 potions of curing
 i - a potion of heal wounds
 k - 4 potions of flight
 o - a potion of resistance
 w - 2 potions of magic
 A - 2 potions of brilliance
 G - a potion of ambrosia {unknown}
 H - a potion of attraction {unknown}
 Q - a potion of invisibility {unknown}
 U - a potion of haste {unknown}


   Skills:
 + Level 10.1 Fighting
 * Level 13.4 Axes
 + Level 7.7 Throwing
 + Level 10.1 Armour
 + Level 10.1 Shields
 + Level 5.6 Invocations


You had 11 spell levels left.
You didn't know any spells.
Your spell library contained the following spells:

 Spells                   Type           Power      Damage    Failure   Level
 Ozocubu's Armour         Ice            0%         N/A       100%        3
 Portal Projectile        Hex/Tloc       0%         N/A       100%        3
 Stone Arrow              Conj/Erth      0%         3d7       100%        3
 Blade Hands              Tmut           0%         N/A       100%        5
 Metabolic Englaciation   Hex/Ice        0%         N/A       100%        5
 Iron Shot                Conj/Erth      0%         9d1       100%        6
 Lehudib's Crystal Spear  Conj/Erth      0%         10d2      100%        8
 Tukima's Dance           Hex            Unusable   N/A       N/A         3
 Animate Armour           Summ/Erth      Unusable   N/A       N/A         4
 Simulacrum               Ice/Necr       Unusable   N/A       N/A         6

Dungeon Overview and Level Annotations

Branches:
Dungeon (11/15)            Temple (1/1) D:7            Lair (1/5) D:11
    Orc: D:9-12

Altars:
Ashenzari
Dithmenos
Elyvilon
Fedhas
Hepliaklqana
Makhleb
Okawaru
Qazlal
Ru
Sif Muna
Vehumet
Wu Jian
Xom
Yredelemnul
Zin
The Shining One

Shops:
D:6 *   D:9 *

Annotations:
D:5 2 runed translucent doors, jerryboi's ghost, novice HOMo


Innate Abilities, Weirdness & Mutations

You have a pair of horns on your head.
You reflexively headbutt those who attack you in melee.


Message History

You hit the komodo dragon. Your headbutt misses the komodo dragon.
The komodo dragon is severely wounded.
You hit the blink frog. x2; The blink frog blinks!
The blink frog barely misses you.
The blink frog blinks!
The blink frog barely misses you.
You miss the blink frog.
The blink frog is heavily wounded.
You completely miss the komodo dragon. You closely miss the blink frog.
You block the blink frog's attack.
The komodo dragon bites you but does no damage.
The blink frog blinks!
The blink frog closely misses you. The blink frog barely misses you.
You slice the blink frog!!
You kill the blink frog!
Okawaru accepts your kill.
You hit the komodo dragon. You miss the blink frog.
The komodo dragon bites you but does no damage.
The blink frog hits you but does no damage.
The blink frog attacks as you move away!
The blink frog closely misses you. The komodo dragon bites you!
* * * LOW HITPOINT WARNING * * *
The blink frog barely misses you.
You miss the blink frog. Your headbutt misses the blink frog.
The blink frog is severely wounded.
You hit the komodo dragon. The komodo dragon bites you.
* * * LOW HITPOINT WARNING * * *
The blink frog hits you!
* * * LOW HITPOINT WARNING * * *
You closely miss the blink frog.
The blink frog is severely wounded.
You hit the blink frog.
You hit the komodo dragon but do no damage.
The blink frog barely misses you. x2; You block the komodo dragon's attack.
You barely miss the blink frog. You headbutt the blink frog!
The blink frog is almost dead.
You hit the komodo dragon but do no damage.
You slash the blink frog!
The blink frog hits you but does no damage.
The blink frog hits you!
You die...

#..##.#### ##......P###
####..........###
#...............#
#................ ###
##...............
#.######...........>....
#....#........l.†.......
##.............F@........
#...............F........
.........................
................†........
...........#.............
..........##............#
.........####...........#
..........###..........##
...........###........##


You could see a komodo dragon and 2 blink frogs.

Vanquished Creatures
  Gastronok (D:11)
  A two-headed ogre (D:11)
  Amaemon (D:8)
  A cyclops (D:11)
  3 elephants (Lair:1)
  An orange demon (D:8)
  3 cane toads (Lair:1)
  An unseen horror (D:11)
  2 kobold demonologists
  2 hornets
  3 trolls
  6 blink frogs (Lair:1)
  3 wraiths
  19 yaks
  A basilisk (Lair:1)
  A wyvern (D:9)
  A steam dragon (D:10)
  Edmund (D:4)
  5 water moccasins
  3 black bears
  4 ice beasts
  A sky beast (D:8)
  2 orc warriors (D:9)
  An ogre (D:5)
  5 centaurs
  5 kobold brigands
  8 bullfrogs
  3 gnoll sergeants
  4 scorpions
  4 wights (D:8)
  14 killer bees
  4 howler monkeys
  A lava snake (D:9)
  2 hounds
  A jelly (D:6)
  3 orc priests
  5 gnoll boudas
  3 iguanas
  6 orc wizards
  21 gnolls
  11 adders
  4 shadow imps
  A white imp (D:6)
  3 ufetubi
  A worm (D:2)
  2 dart slugs (D:3)
  25 orcs
  4 bats (D:3)
  4 endoplasms
  A giant cockroach (D:2)
  7 goblins
  5 hobgoblins
  5 jackals
  15 kobolds
  3 quokkas
  7 ball pythons
  2 frilled lizards (D:3)
  6 rats
  A spectral orc (D:10)
263 creatures vanquished.

Vanquished Creatures (others)
  An orc wizard (D:6)
  55 fungi
  36 plants
92 creatures vanquished.

Grand Total: 355 creatures vanquished

Notes
Turn   | Place    | Note
-------+----------+-------------------------------------------
     0 | D:1      | bmack86 the Minotaur Fighter began the quest for the Orb.
     0 | D:1      | Reached XP level 1. HP: 19/19 MP: 0/0
   291 | D:1      | Reached XP level 2. HP: 27/27 MP: 1/1
   320 | D:1      | Reached skill level 3 in Axes
   837 | D:1      | Identified a scroll of acquirement
   837 | D:1      | Acquired the amulet of Ykhlana {Fly Regen+ Str+3}
  1237 | D:2      | Reached XP level 3. HP: 33/33 MP: 2/2
  1532 | D:3      | Found a faded altar of an unknown god.
  1987 | D:4      | Reached XP level 4. HP: 36/40 MP: 3/3
  1991 | D:4      | Reached skill level 1 in Throwing
  1992 | D:4      | Reached skill level 4 in Axes
  2079 | D:4      | Noticed Edmund
  2090 | D:4      | Noticed a scorpion
  2096 | D:4      | Killed Edmund
  2097 | D:4      | Reached XP level 5. HP: 32/47 MP: 4/4
  2105 | D:4      | Reached skill level 5 in Axes
  2105 | D:4      | Reached XP level 6. HP: 45/53 MP: 5/5
  2107 | D:4      | Found a glowing golden altar of the Shining One.
  2478 | D:5      | Entered Level 5 of the Dungeon
  2496 | D:5      | Reached skill level 5 in Fighting
  2496 | D:5      | Reached skill level 5 in Armour
  2496 | D:5      | Reached skill level 5 in Shields
  2650 | D:5      | Reached XP level 7. HP: 61/61 MP: 6/6
  2660 | D:5      | Reached skill level 6 in Axes
  2831 | D:5      | Found a large runed translucent door.
  2832 | D:5      | Found a large runed translucent door.
  2835 | D:5      | Noticed jerryboi's ghost (novice HOMo)
  3259 | D:6      | Reached skill level 7 in Axes
  3259 | D:6      | Reached XP level 8. HP: 44/70 MP: 7/7
  3502 | D:6      | Reached skill level 8 in Axes
  3544 | D:6      | Identified the amulet of the Ancients {rC+ Will++ Regen+
                  | Dex+3 Stlth-}
  3865 | D:6      | Reached XP level 9. HP: 78/78 MP: 8/8
  3970 | D:6      | Found Zuegiv's General Store.
  4144 | D:7      | Reached skill level 9 in Axes
  4182 | D:7      | Identified the +7 spear of Penynacu {holy, *Noise Fly rC+
                  | Dex+5}
  4559 | D:7      | Found a staircase to the Ecumenical Temple.
  4776 | Temple   | Entered the Ecumenical Temple
  4793 | Temple   | Became a worshipper of Warmaster Okawaru
  4897 | D:7      | Found a glowing silver altar of Zin.
  5278 | D:8      | Identified the +2 robe "Negif" {Dex+2}
  5314 | D:8      | Noticed an orange demon
  5316 | D:8      | Noticed Amaemon
  5322 | D:8      | Killed an orange demon
  5323 | D:8      | Reached skill level 5 in Throwing
  5323 | D:8      | Reached skill level 1 in Invocations
  5331 | D:8      | Killed Amaemon
  5331 | D:8      | Reached * piety under Okawaru
  5332 | D:8      | Reached skill level 10 in Axes
  5357 | D:8      | Reached XP level 10. HP: 75/88 MP: 10/10
  5962 | D:9      | Found Maoxue's Lightly-Used Armoury.
  6003 | D:9      | Found a blossoming altar of Fedhas.
  6081 | D:9      | Reached ** piety under Okawaru
  6197 | D:9      | Reached skill level 11 in Axes
  6673 | D:10     | Entered Level 10 of the Dungeon
  6891 | D:10     | Reached *** piety under Okawaru
  6948 | D:10     | Found a basalt altar of Yredelemnul.
  7038 | D:10     | Found an ornate altar of the Wu Jian Council.
  7038 | D:10     | Found a faded altar of an unknown god.
  7049 | D:10     | Found a stormy altar of Qazlal.
  7052 | D:10     | Found a sacrificial altar of Ru.
  7054 | D:10     | Found a broken altar of Ashenzari.
  7662 | D:11     | Noticed Gastronok
  7680 | D:11     | Killed Gastronok
  7680 | D:11     | Reached **** piety under Okawaru
  7681 | D:11     | Reached XP level 11. HP: 56/97 MP: 11/13
  7774 | D:11     | Reached skill level 12 in Axes
  7784 | D:11     | Found a staircase to the Lair.
  7902 | D:11     | Noticed a two-headed ogre
  7908 | D:11     | Killed a two-headed ogre
  7908 | D:11     | Received a gift from Okawaru
  7973 | D:11     | Identified the +0 leather armour of the Ecumenical Temple
                  | {MP-9 Str+3 Int+2}
  8064 | D:11     | Received a gift from Okawaru
  8234 | D:11     | Reached skill level 5 in Invocations
  8334 | Lair:1   | Entered Level 1 of the Lair of Beasts
  8356 | Lair:1   | Received a gift from Okawaru
  8359 | Lair:1   | Reached skill level 13 in Axes
  8449 | Lair:1   | Reached ***** piety under Okawaru
  8483 | Lair:1   | Reached skill level 10 in Fighting
  8483 | Lair:1   | Reached skill level 10 in Armour
  8483 | Lair:1   | Reached XP level 12. HP: 69/106 MP: 15/15
  8530 | Lair:1   | Reached skill level 10 in Shields
  8561 | Lair:1   | HP: 3/106 [komodo dragon (18)]
  8562 | Lair:1   | HP: 1/106 [komodo dragon (20)]
  8572 | Lair:1   | HP: 4/106 [blink frog (8)]
  8574 | Lair:1   | Slain by a blink frog

Illustrated notes

Levels and vault maps discovered:
D:1:      scummos_arrival_hexagon, layout_loops_corners, minmay_pentomino_v4
D:2:      layout_rooms
D:3:      layout_basic, ebering_ecumenical_altar_ruins,
          kennysheep_generic_room_3
D:4:      layout_rooms, lemuel_tele_altar, uniq_edmund
D:5:      layout_rooms, ebering_ghost_disaster_area
D:6:      minmay_clustersquares, layout_basic, serial_shops, shop
D:7:      layout_basic, zin_scriptorium, temple_hall, minmay_stone_trees_small
D:8:      layout_loops_ring, uniq_amaemon
D:9:      layout_irregular_city, fedhas_altar_2, minmay_shop_damaged,
          kennysheep_opposing_triangles
D:10:     layout_loops_ring, yredelemnul_forgotten_temple_becter,
          chequers_temple_overflow_minitemple
D:11:     layout_roguey, due_lair_maze_entry_diamond, uniq_gastronok
Temple:   nicolae_temple_bog_church
Lair:1:   layout_cave_pods

Skill      XL: |  1  2  3  4  5  6  7  8  9 10 11 12 |
---------------+-------------------------------------+-----
Axes           | 3 4 5 7 8 10 11 13 | 13.4
Armour         | 4 5 6 7 9 10 | 10.1
Fighting       | 4 5 6 7 9 10 | 10.1
Shields        | 4 5 6 7 9 10 | 10.1
Throwing       | 1 2 3 4 5 6 7 |  7.7
Invocations    | 2 4 5 |  5.6

Action                     |  1- 3 |  4- 6 |  7- 9 | 10-12 || total
---------------------------+-------+-------+-------+-------++-------
  Melee: War axe           |    92 |    79 |   284 |   403 ||   858
         Headbutt          |    11 |    12 |    46 |   108 ||   177
  Throw: Dart              |       |     2 |       |       ||     2
         Boomerang         |       |       |     3 |       ||     3
 Invoke: Heroism           |       |       |       |     3 ||     3
  Evoke: Wand              |       |       |     1 |       ||     1
    Use: Scroll            |     1 |       |     6 |     3 ||    10
         Potion            |       |       |     2 |     3 ||     5
   Stab: Sleeping          |     3 |     2 |     1 |       ||     6
 Armour: Scale mail        |     9 |       |       |       ||     9
         Shadow dragon sca |    70 |    55 |   241 |   344 ||   710
  Dodge: Dodged            |    46 |    33 |   132 |   177 ||   388
  Block: Buckler           |    25 |    14 |    99 |   144 ||   282

Table legend: (Time is in decaauts)
 A = Elapsed time spent in this place.
 B = Non-inter-level travel time spent in this place.
 C = Inter-level travel time spent in this place.
 D = Time resting spent in this place.
 E = Time spent auto-exploring this place.
 F = Levels seen in this place.
 G = Mean time per level.
                   A        B        C        D        E       F      G
               +--------+--------+--------+--------+--------+-----+--------+
         Total |   8710 |   8426 |    284 |     21 |   5294 |  13 |  670.0 |
       Dungeon |   8443 |   8160 |    283 |      0 |   5257 |  11 |  767.5 |
        Temple |     34 |     34 |      0 |      0 |      0 |   1 |   34.0 |
          Lair |    232 |    232 |      0 |     21 |     36 |   1 |  232.0 |
               +--------+--------+--------+--------+--------+-----+--------+

Top non-repeatable levels by time:
     D:6: 974 daAuts
     D:9: 907 daAuts
    D:11: 894 daAuts
     D:1: 872 daAuts
     D:7: 851 daAuts
    D:10: 799 daAuts
     D:8: 767 daAuts
     D:5: 720 daAuts
     D:3: 703 daAuts
     D:4: 515 daAuts
     D:2: 437 daAuts
  Lair:1: 232 daAuts
  Temple: 34 daAuts
